 Dungeon Crawl Stone Soup version 0.28.0-43-g3370ac3207 (webtiles) character file.

Game seed: 456361479437764605

287 bnorton916 the Chiller (level 6, 0/41 HPs)
             Began as a Barachi Ice Elementalist on Mar 17, 2022.
             Slain by a phantom (6 damage)
             ... on level 4 of the Dungeon.
             The game lasted 00:09:13 (7370 turns).

bnorton916 the Chiller (Barachi Ice Elementalist)   Turns: 7370, Time: 00:09:13

Health: 0/41       AC:  3    Str: 10    XL:     6   Next: 30%
Magic:  10/12      EV: 12    Int: 17    God:
Gold:   155        SH:  0    Dex: 12    Spells: 3/14 levels left

rFire   . . .      SeeInvis .   i - +0 rapier
rCold   . . .      Faith    .   (no shield)
rNeg    . . .      Spirit   .   a - +0 robe
rPois   +          Reflect  .   (no helmet)
rElec   .          Harm     .   o - +0 cloak
rCorr   .          Rampage  .   (no gloves)
Will    .....                   (no boots)
Stlth   ++........              (no amulet)
HPRegen 0.13/turn               q - ring of poison resistance
MPRegen 0.13/turn               (no ring)

@: slow
A: amphibious, slowness 1, strong legs 1, +LOS
a: Hop


You were on level 4 of the Dungeon.
You visited 1 branch of the dungeon, and saw 4 of its levels.

You collected 155 gold pieces.

Inventory:

Hand Weapons
 i - a +0 rapier (weapon)
 m - a +0 hand crossbow
Missiles
 c - 64 stones
 k - 5 poisoned darts (quivered)
 n - 21 bolts
 s - 3 boomerangs
Armour
 a - a +0 robe (worn)
 o - a +0 cloak (worn)
Jewellery
 q - a ring of poison resistance (left hand)
Scrolls
 g - a scroll of blinking {unknown}
 h - a scroll of teleportation {unknown}
 p - a scroll of noise {unknown}
Potions
 b - a potion of invisibility {unknown}
 d - a potion of curing {unknown}
 e - a potion of brilliance {unknown}
 f - 2 potions of flight {unknown}
 j - a potion of lignification {unknown}
 l - a potion of haste {unknown}
 r - a potion of heal wounds {unknown}


   Skills:
 - Level 2.1 Dodging
 - Level 1.7 Stealth
 + Level 4.5 Spellcasting
 + Level 2.4 Summonings
 + Level 6.8 Ice Magic


You had 3 spell levels left.
You knew the following spells:

 Your Spells              Type           Power      Damage    Failure   Level
a - Freeze                Ice            100%       1d11      1%          1
b - Frozen Ramparts       Ice            54%        1d7       2%          3
c - Ozocubu's Armour      Ice            27%        N/A       2%          3
d - Summon Ice Beast      Ice/Summ       19%        N/A       22%         4

Your spell library contained the following spells:

 Spells                   Type           Power      Damage    Failure   Level
 Ensorcelled Hibernation  Hex/Ice        30%        N/A       5%          2
 Call Imp                 Summ           12%        N/A       9%          2
 Magic Dart               Conj           12%        1d3       16%         1
 Mephitic Cloud           Conj/Pois/Air  3%         N/A       41%         3
 Spider Form              Tmut/Pois      3%         N/A       41%         3
 Hailstorm                Conj/Ice       15%        3d5       36%         4
 Ice Form                 Ice/Tmut       15%        N/A       36%         4
 Anguish                  Hex/Necr       1%         N/A       83%         4


Dungeon Overview and Level Annotations

Branches:
Dungeon (4/15)
 Temple: D:4-7

Altars:


Innate Abilities, Weirdness & Mutations

You are amphibious.
You cover ground slowly.
You can hop short distances.
You have an extended range of vision and can be seen from far away.


Message History

You hit the phantom.
The phantom is almost destroyed.
The phantom barely misses you.
You barely miss the phantom.
The phantom is almost destroyed.
The phantom closely misses you.
You closely miss the phantom.
The phantom is almost destroyed.
The phantom closely misses you. The phantom barely misses you.
You closely miss the phantom.
The phantom is almost destroyed.
The phantom misses you.
You barely miss the phantom.
The phantom is almost destroyed.
The phantom closely misses you.
You hit the phantom.
The phantom is almost destroyed.
The phantom hits you.
* * * LOW HITPOINT WARNING * * *
Casting: Frozen Ramparts (dangerous; 2% risk of failure)
Confirm with . or Enter, or press ? or * to list all spells.
A film of ice covers your body! The phantom barely misses you.
The phantom hits you but does no damage.
You hit the phantom but do no damage.
The phantom is almost destroyed.
The phantom hits you but does no damage.
You barely miss the phantom.
The phantom is almost destroyed.
The phantom hits you but does no damage.
The phantom hits you.
* * * LOW HITPOINT WARNING * * *
The phantom blinks!
You blink.
Your icy armour cracks and falls away as you move.
You closely miss the phantom. You punch the phantom.
The phantom is almost destroyed.
The phantom closely misses you.
You barely miss the phantom.
The phantom is almost destroyed.
The phantom hits you.
You die...

#....#
#....#
#....#
#....#
#....#
#....#####.
#..........
#..W.......
#.@........
#..........
#....#####.
#....#
#....#
#....#
#....#
#....#
#....#


You could see a phantom.

Vanquished Creatures
  A hound (D:3)
  Crazy Yiuf (D:3)
  An orc priest (D:3)
  5 gnolls
  8 adders
  A worm (D:3)
  3 dart slugs
  8 orcs
  4 bats (D:2)
  3 endoplasms
  3 giant cockroaches
  4 goblins
  8 hobgoblins
  5 kobolds
  2 quokkas (D:1)
  4 ball pythons
  A frilled lizard (D:3)
  A giant cockroach zombie (D:3)
  8 rats
71 creatures vanquished.

Vanquished Creatures (others)
  3 fungi (D:3)
3 creatures vanquished.

Grand Total: 74 creatures vanquished

Notes
Turn   | Place    | Note
-------+----------+-------------------------------------------
     0 | D:1      | bnorton916 the Barachi Ice Elementalist began the quest for
                  | the Orb.
     0 | D:1      | Reached XP level 1. HP: 13/13 MP: 3/3
   655 | D:1      | Reached skill level 5 in Ice Magic
   752 | D:1      | Reached XP level 2. HP: 16/19 MP: 1/5
  2043 | D:2      | Reached XP level 3. HP: 20/24 MP: 2/7
  2297 | D:2      | Learned a level 3 spell: Frozen Ramparts
  2301 | D:2      | Learned a level 3 spell: Ozocubu's Armour
  2412 | D:2      | Found a faded altar of an unknown god.
  3579 | D:2      | Reached XP level 4. HP: 25/30 MP: 3/9
  3905 | D:2      | Reached skill level 6 in Ice Magic
  5345 | D:3      | Reached XP level 5. HP: 34/35 MP: 7/10
  5412 | D:3      | Learned a level 4 spell: Summon Ice Beast
  5516 | D:3      | Reached skill level 1 in Summonings
  5732 | D:3      | Reached XP level 6. HP: 41/41 MP: 5/12
  6731 | D:3      | Found a runed translucent door.
  6732 | D:3      | Noticed Crazy Yiuf
  6745 | D:3      | Killed Crazy Yiuf
  7370 | D:4      | Slain by a phantom

Illustrated notes

Levels and vault maps discovered:
D:1:      dpeg_arrival_boxorama, layout_loops_corners, serial_bayou_pond_e
D:2:      minmay_chambers_of_twos, layout_loops_corners,
          hellmonk_ecumenical_altar_crossroads
D:3:      layout_basic, palyth_stone_intersect, grunt_ministairs_8,
          minmay_misc_feat_columns, uniq_crazy_yiuf_cottage
D:4:      layout_gridville

Skill      XL: |  1  2  3  4  5  6 |
---------------+-------------------+-----
Ice Magic      | 5 6 |  6.8
Spellcasting   | 3 4 |  4.5
Summonings     | 1 2 |  2.4
Dodging        | |  2.1
Stealth        | |  1.7

Action                   |  1- 3 |  4- 6 || total
-------------------------+-------+-------++-------
Melee: Unarmed           |    12 |       ||    12
       Rapier            |    12 |    58 ||    70
       Punch             |       |     2 ||     2
Throw: Stone             |     5 |       ||     5
       Dart              |     4 |     8 ||    12
 Cast: Freeze            |    46 |    26 ||    72
       Frozen Ramparts   |     2 |    17 ||    19
       Ozocubu's Armour  |       |     8 ||     8
Armor: Robe              |    10 |    22 ||    32
Dodge: Dodged            |    36 |    63 ||    99
